 Dungeon Crawl Stone Soup version 0.18.1-6-gd335043 (webtiles) character file.

3864 deorigin the Basher (level 10, -2/110 HPs)
             Began as an Ogre Berserker on May 17, 2016.
             Was a High Priest of Trog.
             Slain by an adder (3 damage)
             ... on level 8 of the Dungeon.
             The game lasted 00:17:01 (8313 turns).

deorigin the Basher (Ogre Berserker)                Turns: 8313, Time: 00:17:02

Health: -2/110     AC:  5    Str: 24    XL:     10   Next: 19%
Magic:  0/10       EV: 10    Int: 10    God:    Trog [*****.]
Gold:   297        SH:  0    Dex: 12    Spells: 0 memorised, 9 levels left

rFire  . . .     SeeInvis .     i - +0 morningstar
rCold  . . .     Gourm    .     b - +0 animal skin
rNeg   + . .     Faith    .     (no shield)
rPois  .         Spirit   +     (helmet restricted)
rElec  .         Dismiss  .     (no cloak)
rCorr  .         Reflect  .     (gloves unavailable)
SustAt .         Harm     .     (boots unavailable)
MR     +....     Rnd*Tele +     v - amulet of guardian spirit
Stlth  +++.......               S - ring "Foiz" {rN+ AC+2 Int+4}
                                l - ring of teleportation (curse)

@: exhausted, very slightly contaminated, slowed, very slow, somewhat resistant
to hostile enchantments, fairly stealthy
A: unfitting armour, camouflage 1, tough skin 1
a: Berserk, Trog's Hand, Brothers in Arms, Burn Spellbooks, Renounce Religion


You were on level 8 of the Dungeon.
You worshipped Trog.
Trog was extremely pleased with you.
You were not hungry.

You visited 1 branch of the dungeon, and saw 8 of its levels.

You collected 297 gold pieces.

Inventory:

Hand Weapons
 a - a +0 giant spiked club
 i - a +0 morningstar (weapon)
 k - a +0 flail
 n - a +0 blowgun
 s - a +1 dagger of venom
 A - a +0 giant club
 V - a +0 dire flail
Missiles
 u - 18 poisoned needles
 y - 6 tomahawks (quivered)
 H - 4 large rocks
Armour
 b - a +0 animal skin (worn)
Jewellery
 f - an uncursed ring of sustain attributes
 j - an uncursed amulet of dismissal
 l - a cursed ring of teleportation (left hand)
 v - an amulet of guardian spirit (around neck)
 C - an uncursed ring of resist corrosion {unknown}
 P - a +2 ring of strength {unknown}
 S - the ring "Foiz" (right hand) {rN+ AC+2 Int+4}
   (You found it on level 7 of the Dungeon)

   [ring of protection]

   It affects your AC (+2).
   It affects your intelligence (+4).
   It protects you from negative energy.
Wands
 o - a wand of slowing (19/48)
 r - a wand of polymorph (16/24)
 w - a wand of teleportation (3/9)
 z - a wand of lightning (8/15)
 K - a wand of digging (8/24)
Scrolls
 e - 4 scrolls of amnesia
 t - 3 scrolls of teleportation
 x - a scroll of identify
 J - a scroll of acquirement {unknown}
 N - a scroll of random uselessness {unknown}
 O - a scroll of brand weapon {unknown}
 Q - a scroll of immolation {unknown}
Potions
 d - a potion of lignification
 g - a potion of mutation
 h - 3 potions of curing
 m - a potion of invisibility {unknown}
 p - a potion of berserk rage {unknown}
 D - a potion of degeneration {unknown}
 G - 2 potions of brilliance {unknown}
 I - 2 potions of cancellation
 L - a potion of magic {unknown}
Books
 B - a book of Cantrips

   Spells                             Type                      Level
   a - Corona                         Hexes                        1
   b - Animate Skeleton               Necromancy                   1
   c - Summon Small Mammal            Summoning                    1
   d - Apportation                    Translocation                1
   Trog disapproves of the use of such an item.
 M - a book of Frost

   Spells                             Type                      Level
   a - Freeze                         Ice                          1
   b - Throw Frost                    Conjuration/Ice              2
   c - Ozocubu's Armour               Charms/Ice                   3
   d - Throw Icicle                   Conjuration/Ice              4
   e - Summon Ice Beast               Ice/Summoning                4
   Trog disapproves of the use of such an item.
 R - a book of Frost

   Spells                             Type                      Level
   a - Freeze                         Ice                          1
   b - Throw Frost                    Conjuration/Ice              2
   c - Ozocubu's Armour               Charms/Ice                   3
   d - Throw Icicle                   Conjuration/Ice              4
   e - Summon Ice Beast               Ice/Summoning                4
   Trog disapproves of the use of such an item.
Comestibles
 c - 3 bread rations
 q - 5 fruits
 F - 2 meat rations


   Skills:
 - Level 9.8 Fighting
 - Level 0.2 Short Blades
 + Level 14.1 Maces & Flails
 * Level 4.6 Throwing
 - Level 2.6 Dodging
 * Level 3.1 Stealth


You had 9 spell levels left.
You didn't know any spells.

Dungeon Overview and Level Annotations

Branches:
Dungeon (8/15)             Temple (0/1) D:4
   Lair: D:8-11

Altars:
Ashenzari
Gozag
Trog
Xom
The Shining One


Innate Abilities, Weirdness & Mutations

You are too large for most types of armour.
You have tough skin (AC +1).
Your skin changes colour to match your surroundings (Stealth).


Message History

Okay, then.
Eat which item? (? for menu, Esc to quit)
You continue eating.
The black bear bites you.
* * * LOW HITPOINT WARNING * * *
The black bear claws you.
* * * LOW HITPOINT WARNING * * *
The black bear claws you but does no damage.
The adder closely misses you. The black bear closely misses you.
The black bear barely misses you. The black bear claws you.
* * * LOW HITPOINT WARNING * * *
The adder bites you.
* * * LOW HITPOINT WARNING * * *
You continue eating.
The black bear barely misses you. The black bear claws you.
* * * LOW HITPOINT WARNING * * *
The black bear claws you.
* * * LOW HITPOINT WARNING * * *
The adder bites you.
You die...

#.#..)## ...#.##
#.#..## ##.......
...#.#.###........
###
#.##.#.#...#.##
#)###<##...#
#.###.# ...#
....... .....
####h#####..###
#@# ..# #S# ..#
#.# ..# #.. #.#
#.# ...


You could see a black bear (berserk) and an adder.

Vanquished Creatures
  The ghost of deorigin the Fencer, a novice MiBe of Trog (D:8)
  The ghost of Lovchig the Shield-Bearer, an amateur DDFi of Yredelemnul (D:4)
  A two-headed ogre (D:8)
  Eustachio (D:4)
  2 steam dragons (D:6)
  A hungry ghost (D:6)
  Duvessa (D:7)
  2 ice beasts
  A black bear (D:6)
  A sky beast (D:7)
  2 phantoms
  An orc warrior (D:6)
  5 ogres
  A centaur (D:5)
  A giant frog (D:7)
  Dowan (D:7)
  A crimson imp (D:5)
  5 hounds
  A gnoll shaman (D:5)
  3 orc priests
  Jessica (D:2)
  3 orc wizards
  9 worker ants
  Robin (D:2)
  A howler monkey zombie (D:5)
  12 adders
  4 gnolls (D:5)
  4 oozes
  2 adder skeletons
  2 dart slugs (D:3)
  A giant gecko (D:1)
  22 orcs
  5 bats
  7 giant cockroaches
  10 hobgoblins
  12 jackals
  A quokka (D:7)
  4 ball pythons
  5 giant newts
  14 goblins
  12 kobolds
  A quokka skeleton (D:4)
  A quokka zombie (D:7)
  8 rats
175 creatures vanquished.

Notes
Turn   | Place    | Note
--------------------------------------------------------------
     0 | D:1      | deorigin the Ogre Berserker began the quest for the Orb.
     0 | D:1      | Reached XP level 1. HP: 24/24 MP: 1/1
   214 | D:1      | Reached XP level 2. HP: 30/33 MP: 2/2
   598 | D:1      | Reached ** piety under Trog
   634 | D:1      | Reached XP level 3. HP: 14/41 MP: 3/3
  1051 | D:2      | Noticed Jessica
  1060 | D:2      | Reached skill level 5 in Maces & Flails
  1069 | D:2      | Killed Jessica
  1069 | D:2      | Reached skill level 5 in Fighting
  1069 | D:2      | Reached XP level 4. HP: 24/50 MP: 4/4
  1392 | D:2      | Noticed Robin
  1456 | D:2      | Killed Robin
  1679 | D:2      | Reached XP level 5. HP: 49/59 MP: 5/5
  1688 | D:2      | Reached skill level 6 in Maces & Flails
  2216 | D:3      | Reached *** piety under Trog
  2521 | D:3      | Reached XP level 6. HP: 38/68 MP: 2/6
  2679 | D:3      | Found a shattered altar of Ashenzari.
  2682 | D:3      | Found an opulent altar of Gozag.
  2683 | D:3      | Found a bloodstained altar of Trog.
  2684 | D:3      | Found a glowing golden altar of the Shining One.
  2685 | D:3      | Found a shimmering altar of Xom.
  3066 | D:4      | Noticed Eustachio
  3084 | D:4      | Noticed Lovchig's ghost (amateur DDFi)
  3084 | D:4      | Killed Eustachio
  3084 | D:4      | Reached skill level 7 in Maces & Flails
  3269 | D:4      | Killed Lovchig's ghost
  3269 | D:4      | Reached XP level 7. HP: 79/81 MP: 5/7
  3411 | D:4      | Reached skill level 8 in Maces & Flails
  3690 | D:4      | Reached XP level 8. HP: 77/92 MP: 6/8
  3842 | D:4      | Reached **** piety under Trog
  3911 | D:4      | Reached skill level 9 in Maces & Flails
  4144 | D:4      | Found a staircase to the Ecumenical Temple.
  4543 | D:5      | Entered Level 5 of the Dungeon
  4783 | D:5      | Reached skill level 10 in Maces & Flails
  4783 | D:5      | Reached skill level 1 in Throwing
  5745 | D:5      | Reached skill level 11 in Maces & Flails
  5758 | D:5      | Gained mutation: Your skin changes colour to match your surroundings (Stealth). [potion of beneficial mutation]
  5911 | D:6      | Reached XP level 9. HP: 63/101 MP: 4/9
  6195 | D:6      | Reached skill level 1 in Stealth
  6386 | D:6      | Reached skill level 12 in Maces & Flails
  7131 | D:7      | Noticed Duvessa
  7131 | D:7      | Noticed Dowan
  7153 | D:7      | Killed Duvessa
  7159 | D:7      | Killed Dowan
  7546 | D:7      | Reached ***** piety under Trog
  7546 | D:7      | Reached skill level 13 in Maces & Flails
  7751 | D:7      | Got a transparent bone ring
  7753 | D:7      | Identified the ring "Foiz" {rN+ AC+2 Int+4} (You found it on level 7 of the Dungeon)
  7927 | D:8      | Noticed deorigin's ghost (novice MiBe)
  7939 | D:8      | Noticed a two-headed ogre
  7948 | D:8      | Killed a two-headed ogre
  8303 | D:8      | Killed deorigin's ghost
  8303 | D:8      | Reached skill level 14 in Maces & Flails
  8303 | D:8      | Reached XP level 10. HP: 70/110 MP: 5/10
  8313 | D:8      | HP: 5/110 [black bear (2)]
  8313 | D:8      | HP: 1/110 [black bear (4)]
  8313 | D:8      | Slain by an adder

Skill      XL: |  1  2  3  4  5  6  7  8  9 |
---------------+----------------------------+-----
Maces & Flails | 5 6 7 8 11 14 | 14.1
Fighting       | 5 6 8 9 |  9.8
Throwing       | 2 4 |  4.6
Stealth        | 3 |  3.1
Short Blades   | |  0.2
Dodging        | |  2.6

Action                   |  1- 3 |  4- 6 |  7- 9 | 10-12 || total
-------------------------+-------+-------+-------+-------++-------
Melee: Mace              |    78 |    69 |       |       ||   147
       Dagger            |       |   102 |       |       ||   102
       Flail             |       |    39 |    17 |       ||    56
       Giant club        |       |       |    94 |       ||    94
       Giant spiked club |       |       |    11 |       ||    11
       Morningstar       |       |       |   156 |     4 ||   160
Throw: Tomahawk          |       |       |     2 |       ||     2
       Large rock        |       |       |     1 |       ||     1
Invok: Trog's Hand       |       |     2 |       |       ||     2
       Berserk           |       |     2 |     3 |       ||     5
  Use: Scroll            |       |     6 |     4 |     1 ||    11
       Potion            |       |       |     1 |       ||     1
 Stab: Sleeping          |       |       |     1 |       ||     1
  Eat: Meat ration       |       |     1 |       |       ||     1
       Chunk             |       |     2 |    17 |       ||    19
       Bread ration      |       |     1 |       |       ||     1
       Fruit             |       |       |     1 |       ||     1
       Royal jelly       |       |       |       |     1 ||     1
Armor: Animal skin       |    37 |    71 |    62 |     1 ||   171
Dodge: Dodged            |    79 |   164 |   176 |     7 ||   426
